 Dungeon Crawl Stone Soup version 0.30-a0-141-g30f27751c5 (webtiles) character file.

Game seed: 4183693646790227044

8121 Decritt the Protected (level 11, -2/72 HPs)
             Began as a Gargoyle Fighter on Sept 25, 2022.
             Was a Believer of the Shining One.
             Killed from afar by a fire giant (10 damage)
             ... with a bolt of fire
             ... on level 10 of the Dungeon.
             The game lasted 00:24:21 (14221 turns).

Decritt the Protected (Gargoyle Fighter)           Turns: 14221, Time: 00:24:21

Health: -2/72      AC: 22    Str: 25    XL:     11   Next: 25%
Magic:  11/14      EV:  8    Int:  8    God:    the Shining One [**....]
Gold:   468        SH: 17    Dex:  6    Spells: 10/10 levels left

rFire   + . .      SeeInvis .    z - +1 morningstar (venom)
rCold   . . .      Faith    .    c - +0 buckler
rNeg    + + .      Spirit   .    j - +0 chain mail
rPois   ∞          Reflect  +    p - +0 helmet
rElec   +          Harm     .    h - +0 cloak
rCorr   +          Rampage  .    (no gloves)
Will    ++...                    (no boots)
Stlth   ..........               i - amulet of reflection
HPRegen 0.22/turn                l - ring of Aleock {rF+ Will+ rCorr Dex-3 Stlth+}
MPRegen 0.14/turn                C - ring of willpower

@: divinely shielded, glowing
A: sickness immunity, AC +8, negative energy resistance 1, electricity
resistance, torment resistance 1, petrification resistance
a: Renounce Religion, Divine Shield


You were on level 10 of the Dungeon.
You worshipped the Shining One.
The Shining One was pleased with you.
You visited 2 branches of the dungeon, and saw 11 of its levels.

You collected 468 gold pieces.

Inventory:

Hand Weapons
 z - a +1 morningstar of venom (weapon)
Missiles
 v - 2 boomerangs (quivered)
Armour
 c - a +0 buckler (worn)
 h - a +0 cloak (worn)
 j - a +0 chain mail (worn)
 p - a +0 helmet (worn)
 s - a +2 ring mail of willpower
Jewellery
 i - an amulet of reflection (around neck)
 l - the ring of Aleock (left hand) {rF+ Will+ rCorr Dex-3 Stlth+}
   (You acquired it on level 5 of the Dungeon)

   [ring of willpower]

   Dex:       It affects your dexterity (-3).
   rF:        It protects you from fire.
   rCorr:     It protects you from acid and corrosion.
   Will:      It increases your willpower.
   Stlth:     It makes you more stealthy.
 n - the ring of Zeteafev {Fire rPois Will+ Dex+6}
   (You found it on level 8 of the Dungeon)

   [ring of fire]

   It enhances your fire magic.
   Dex:       It affects your dexterity (+6).
   rF:        It protects you from fire.
   rC:        It makes you vulnerable to cold.
   rPois:     It protects you from poison.
   Will:      It increases your willpower.
 C - a ring of willpower (right hand)
Wands
 d - a wand of digging (7)
 q - a wand of polymorph (10)
 x - a wand of roots (8)
Scrolls
 e - a scroll of butterflies
 f - 6 scrolls of teleportation
 g - 2 scrolls of immolation
 r - a scroll of identify
 t - a scroll of blinking
 y - 3 scrolls of poison
Potions
 a - a potion of resistance {unknown}
 b - 4 potions of haste
 k - a potion of degeneration {unknown}
 m - 2 potions of ambrosia
 o - a potion of invisibility {unknown}
 u - a potion of curing
 w - 3 potions of flight {unknown}
 A - a potion of attraction
 B - a potion of brilliance


   Skills:
 * Level 9.7 Fighting
 * Level 8.5 Maces & Flails
 + Level 5.9 Throwing
 * Level 9.8 Armour
 - Level 6.3 Shields
 + Level 4.8 Invocations


You had 10 spell levels left.
You didn't know any spells.
Your spell library contained the following spells:

 Spells                   Type           Power      Damage    Failure   Level
 Kindle Blastsparks       Fire/Tloc/Air  0%         2d10      100%        3
 Tukima's Dance           Hex            0%         N/A       100%        3
 Fulminant Prism          Conj/Hex       0%         3d6       100%        4
 Iskenderun's Mystic Bla  Conj/Tloc      0%         2d3       100%        4
 Passage of Golubria      Tloc           0%         N/A       100%        4
 Summon Lightning Spire   Summ/Air       0%         N/A       100%        4
 Lee's Rapid Deconstruct  Erth           0%         3d5*      100%        5
 Silence                  Hex/Air        0%         N/A       100%        5
 Yara's Violent Unravell  Hex/Tmut       0%         3d3       100%        5
 Dispersal                Tloc           0%         N/A       100%        6
 Storm Form               Tmut/Air       0%         N/A       100%        7
 Disjunction              Tloc           0%         N/A       100%        8
 Lehudib's Crystal Spear  Conj/Erth      0%         10d2      100%        8
 Maxwell's Capacitive Co  Air            0%         ∞         100%        8


Dungeon Overview and Level Annotations

Branches:
Dungeon (10/15)            Temple (1/1) D:6
   Lair: D:8-11         Orc: D:9-12

Altars:
Ashenzari
Cheibriados
Dithmenos
Elyvilon
Hepliaklqana
Kikubaaqudgha
Makhleb
Nemelex Xobeh
Okawaru
Qazlal
Trog
Uskayaw
Vehumet
Wu Jian
Zin
The Shining One

Shops:
D:7 *


Innate Abilities, Weirdness & Mutations

You are immune to sickness and miasma.
Your stone body is resilient. (AC +8)
You are immune to poison.
You resist negative energy. (rN+)
You are resistant to electric shocks. (rElec)
You are resistant to unholy torment.
You are immune to petrification.


Message History

You destroy the wight!
The Shining One accepts your kill.
You throw a boomerang.
The boomerang hits the fire giant but does no damage.
You hit the fire giant but do no damage.
The fire giant hits you but does no damage.
You impale the fire giant!!
The fire giant is moderately wounded.
The fire giant hits you with a +0 great sword of flaming.
The fire giant burns you.
You completely miss the fire giant.
The fire giant is moderately wounded.
The fire giant hits you with a +0 great sword of flaming!
The fire giant burns you.
The fire giant points at you and mumbles some strange words.
The bolt of fire misses you.
You hit the fire giant but do no damage.
The fire giant is lightly wounded.
The fire giant hits you with a +0 great sword of flaming!
The fire giant burns you.
You hit the fire giant but do no damage.
The fire giant is poisoned.
The fire giant is lightly wounded.
You block the fire giant's attack.
You hit the fire giant but do no damage.
The fire giant looks as sick as possible!
The fire giant is lightly wounded.
The fire giant gestures at you while chanting.
The bolt of fire hits you! You resist.
* * * LOW HITPOINT WARNING * * *
There is a large open door here.
The fire giant attacks as you move away!
You block the fire giant's attack. The fire giant casts a spell at you.
The bolt of fire hits you!! You resist.
* * * LOW HITPOINT WARNING * * *
Your shield is strengthened by the Shining One's divine power.
The fire giant gestures at you while chanting.
The bolt of fire hits you! You resist.
You die...

#....##
#.....#
#.....#
#.....# ..
##≈≈≈§.#...
##≈≈§§≈≈#...
##≈≈≈<§≈§≈...
##≈≈≈...§≈≈≈..
#≈≈≈.8@.8.≈§≈.
#≈≈8##''##8≈§.
#≈≈≈##.C).#
≈≈≈
#≈≈##......#
≈≈
#≈≈#..####..#
≈ #≈≈#.. ..#≈≈
#≈§#.. .#≈≈
#≈§#. .#≈≈
#≈§## ≈≈


You could see a fire giant (very poisoned).

Vanquished Creatures
  A two-headed ogre (D:9)
  The ghost of fly the Carver, a novice DgDe (D:8)
  A gargoyle (D:8)
  A komodo dragon (D:8)
  A troll (D:9)
  11 yaks
  2 wyverns
  An acid dragon (D:7)
  2 water moccasins
  2 ice beasts (D:8)
  4 orc warriors
  A sky beast (D:8)
  2 black bears
  2 ogres
  4 centaurs
  2 kobold brigands
  3 bullfrogs
  2 necrophages
  A gnoll sergeant (D:9)
  4 scorpions
  14 wights
  6 killer bees (D:8)
  2 howler monkeys
  A gnoll bouda (D:7)
  3 orc priests
  2 hounds
  4 iguanas
  6 orc wizards
  2 centaur simulacra (D:8)
  A killer bee simulacrum (D:8)
  10 gnolls
  10 adders
  6 white imps
  An ufetubus (D:6)
  A worm (D:3)
  2 dart slugs
  33 orcs
  11 ball pythons
  A bat zombie (D:3)
  6 endoplasms
  4 giant cockroaches
  9 goblins
  8 hobgoblins
  7 jackals
  23 kobolds
  4 quokkas
  7 bats
  5 frilled lizards
  7 rats
244 creatures vanquished.

Vanquished Creatures (collateral kills)
  2 hounds (D:5)
  An adder (D:5)
3 creatures vanquished.

Grand Total: 247 creatures vanquished

Notes
Turn   | Place    | Note
-------+----------+-------------------------------------------
     0 | D:1      | Decritt the Gargoyle Fighter began the quest for the Orb.
     0 | D:1      | Reached XP level 1. HP: 14/14 MP: 1/1
   143 | D:1      | Reached XP level 2. HP: 18/19 MP: 2/2
   776 | D:1      | Reached XP level 3. HP: 22/23 MP: 3/3
  1465 | D:2      | Reached XP level 4. HP: 27/29 MP: 4/4
  2298 | D:3      | Found an ancient bone altar of Kikubaaqudgha.
  3073 | D:3      | Reached skill level 1 in Throwing
  3097 | D:4      | Found a radiant altar of Vehumet.
  3119 | D:4      | Noticed a scorpion
  3144 | D:4      | Killed a scorpion
  3145 | D:4      | Reached XP level 5. HP: 31/33 MP: 5/5
  3255 | D:4      | Reached XP level 6. HP: 9/39 MP: 6/6
  3709 | D:4      | Noticed a black bear
  3720 | D:4      | Killed a black bear
  3731 | D:4      | Found a broken altar of Ashenzari.
  3930 | D:4      | Noticed a water moccasin
  3957 | D:3      | Killed a water moccasin
  3962 | D:3      | Reached XP level 7. HP: 10/44 MP: 7/7
  4212 | D:4      | Reached skill level 5 in Fighting
  4212 | D:4      | Reached skill level 5 in Armour
  4212 | D:4      | Reached skill level 5 in Shields
  4756 | D:4      | Found a white marble altar of Elyvilon.
  4780 | D:4      | Became a worshipper of Elyvilon the Healer
  5002 | D:5      | Entered Level 5 of the Dungeon
  5443 | D:5      | Identified a scroll of acquirement
  5443 | D:5      | Acquired the ring of Aleock {rF+ Will+ rCorr Dex-3 Stlth+}
  5517 | D:5      | Reached XP level 8. HP: 34/50 MP: 8/8
  6051 | D:5      | Found a burning altar of Makhleb.
  7004 | D:5      | Noticed a balrug
  7008 | D:5      | Found a glowing silver altar of Zin.
  7009 | D:5      | Noticed an angel
  7067 | D:5      | Found a hide-covered altar of Uskayaw.
  7296 | D:6      | Reached * piety under Elyvilon
  7330 | D:6      | Found a staircase to the Ecumenical Temple.
  7345 | Temple   | Entered the Ecumenical Temple
  7407 | Temple   | Fell from the grace of Elyvilon
  7407 | Temple   | Became a worshipper of the Shining One
  7843 | Temple   | Reached skill level 5 in Maces & Flails
  8348 | D:6      | Reached XP level 9. HP: 48/56 MP: 9/9
  8375 | D:6      | Reached * piety under the Shining One
  8860 | D:6      | Reached skill level 1 in Invocations
  9414 | D:6      | Found a stormy altar of Qazlal.
  9936 | D:7      | Found a bloodstained altar of Trog.
 10107 | D:7      | Found Mupluwn's General Store.
 10903 | D:8      | Noticed fly's ghost (novice DgDe)
 10904 | D:8      | Reached ** piety under the Shining One
 10914 | D:8      | Reached XP level 10. HP: 64/64 MP: 12/12
 10943 | D:8      | Found a runed translucent gate.
 10943 | D:8      | Found a runed translucent gate.
 10943 | D:8      | Found a runed translucent gate.
 10984 | D:8      | Found a shadowy altar of Dithmenos.
 11032 | D:8      | Noticed a gargoyle
 11043 | D:8      | Killed a gargoyle
 11044 | D:8      | Reached skill level 5 in Throwing
 11751 | D:8      | Killed fly's ghost
 12095 | D:8      | Identified the ring of Zeteafev {Fire rPois Will+ Dex+6}
 13541 | D:9      | Reached XP level 11. HP: 61/71 MP: 14/14
 13876 | D:9      | Noticed a two-headed ogre
 13887 | D:9      | Killed a two-headed ogre
 14202 | D:10     | Entered Level 10 of the Dungeon
 14209 | D:10     | Noticed a fire giant
 14221 | D:10     | Killed from afar by a fire giant

Illustrated notes

Levels and vault maps discovered:
D:1:      wheals_arrival_shading, layout_basic, hangedman_decor_points
D:2:      layout_loops_corners, minmay_fountain_box
D:3:      layout_basic, lemuel_zombie_altar_kikubaaqudgha,
          chequers_serial_rivers_small_b
D:4:      layout_basic, nicolae_vehumet_radiance, ashenzari_conservatory_becter,
          lemuel_doored_altar, minmay_close_crescents
D:5:      layout_cave_pools, grunt_temple_overflow_order_and_chaos_2,
          eat_drink_and_be_merry_uskayaw
D:6:      layout_basic, marbit_many_paths, minmay_temple_entry_glass,
          eino_small_chamber_without_monster, chequers_jeans
D:7:      layout_cave_pools, mainiacjoe_overflow_24_doors, serial_shops,
          nicolae_shop_waterfront
D:8:      layout_loops_ring, grunt_dithmenos_smoke, gammafunk_ghost_icy
D:9:      layout_irregular_city
D:10:     layout_irregular_city, old_standard_altar,
          grunt_lair_entry_orc_guard_hut, serial_shops, nicolae_lakefront_shop,
          kennysheep_island_fort, uniq_nergalle
Temple:   chequers_temple_sunken

Skill      XL: |  1  2  3  4  5  6  7  8  9 10 |
---------------+-------------------------------+-----
Fighting       | 4 5 6 7 9 |  9.7
Armour         | 4 5 6 7 9 |  9.8
Shields        | 4 5 6 |  6.3
Throwing       | 1 2 3 4 5 |  5.9
Maces & Flails | 3 4 5 6 8 |  8.5
Invocations    | 2 4 |  4.8

Action                   |  1- 3 |  4- 6 |  7- 9 | 10-12 || total
-------------------------+-------+-------+-------+-------++-------
Melee: Flail             |    95 |   120 |   149 |    56 ||   420
       Morningstar       |       |       |   226 |   247 ||   473
Throw: Boomerang         |    42 |    30 |       |    21 ||    93
Invok: Divine Shield     |       |       |     1 |     2 ||     3
  Use: Scroll            |       |     4 |    12 |     3 ||    19
       Potion            |       |       |     2 |     8 ||    10
 Stab: Distracted        |     1 |       |       |       ||     1
Armor: Scale mail        |    37 |       |       |       ||    37
       Chain mail        |    38 |    89 |   266 |   159 ||   552
Dodge: Dodged            |    42 |    58 |   162 |    94 ||   356
Block: Buckler           |    46 |    75 |   245 |   159 ||   525
       Orb               |    12 |       |       |       ||    12
       Reflection        |     1 |     2 |    11 |     4 ||    18

Table legend: (Time is in decaauts)
 A = Elapsed time spent in this place.
 B = Non-inter-level travel time spent in this place.
 C = Inter-level travel time spent in this place.
 D = Time resting spent in this place.
 E = Time spent auto-exploring this place.
 F = Levels seen in this place.
 G = Mean time per level.
                   A        B        C        D        E       F      G
               +--------+--------+--------+--------+--------+-----+--------+
         Total |  14442 |  14246 |    196 |   5707 |   6243 |  11 | 1312.9 |
       Dungeon |  13363 |  13167 |    196 |   4800 |   6188 |  10 | 1336.3 |
        Temple |   1078 |   1078 |      0 |    907 |     55 |   1 | 1078.0 |
               +--------+--------+--------+--------+--------+-----+--------+

Top non-repeatable levels by time:
     D:8: 2450 daAuts
     D:4: 2385 daAuts
     D:3: 1544 daAuts
     D:5: 1418 daAuts
     D:6: 1324 daAuts
     D:9: 1217 daAuts
     D:1: 1100 daAuts
  Temple: 1078 daAuts
     D:2: 973 daAuts
     D:7: 928 daAuts
    D:10: 20 daAuts
